Match 41410084
Unlisted

Match 41410084
End
Selects Airborne Battlegroup
Selects Pathfinders
Pathfinder Squad
Construct Weapon Support Center
Engineer Squad
Air Support Center
Selects Paratrooper Squad Paradrop
Paratrooper Squad Paradrop
Double Sortie
Paratrooper Squad Paradrop
Selects Smoke Bombing Run
Construct Medical Station
Selects Supply Drop
Supply Drop
Grasshopper Recon Run
P-47 Strafing Run
Paratrooper Squad Paradrop
Supply Drop
Paratrooper Squad Paradrop
Improved M9 Bazooka Rockets
Construct Tank Depot
Supply Drop
Paratrooper Squad Paradrop
P-47 Strafing Run
M4(105) Sherman Bulldozer
Selects Carpet Bombing Run
Engineer Squad
Grasshopper Recon Run
Carpet Bombing Run
Paratrooper Squad Paradrop
P-47 Strafing Run
M4A1 Sherman Medium Tank
Grasshopper Recon Run
Carpet Bombing Run
P-47 Strafing Run
Supply Drop
Advanced Air Reconnaissance
Advanced Air Reconnaissance
Improved Aircraft Armor
Improved Aircraft Armor
Grasshopper High-Altitude Recon Run
P-47 Dive Bomb
M4A1 Sherman Medium Tank
P-47 Strafing Run
Grasshopper High-Altitude Recon Run
Rekxx
muie mihnea
jsuh.graphicart
Mael Radec
DEJMAS0258
EmpressAry
vituhonza
ZukatoUwU
0
0

Comments sign in to comment!

No comments posted yet!